 Dungeon Crawl Stone Soup version 0.27.1-34-g3ba077fa99 (webtiles) character file.

Game seed: 5922477997631387236

1330 pkoi the Martial Artist (level 8, -1/59 HPs)
             Began as a White Draconian Monk on Jan 12, 2022.
             Was a Priest of Hepliaklqana.
             Slain by an ogre (30 damage)
             ... on level 6 of the Dungeon.
             The game lasted 00:07:56 (7788 turns).

pkoi the Martial Artist (White Draconian Monk)      Turns: 7788, Time: 00:07:56

Health: -1/59      AC:  8    Str: 13    XL:     8   Next: 34%
Magic:  8/8        EV: 13    Int: 12    God:    Hepliaklqana [***...]
Gold:   199        SH:  0    Dex: 15    Spells: 7/7 levels left

rFire    . . .     SeeInvis .     - Unarmed
rCold    + . .     Faith    .   (no shield)
rNeg     . . .     Spirit   .   (armour unavailable)
rPois    .         Reflect  .   (helmet restricted)
rElec    .         Harm     .   (no cloak)
rCorr    .         Rampage  .   (no gloves)
Will     .....                  c - +1 pair of boots
Stlth    ++........             j - amulet of the acrobat
HPRegen  0.19/turn              d - +4 ring of slaying
MPRegen  0.11/turn              (no ring)

@: no status effects
A: reduced essence, breathe frost, AC +6, unfitting armour, cold resistance 1,
cold-blooded
a: Breathe Frost, Renounce Religion, Recall Ancestor, Ancestor Identity,
Transference


You were on level 6 of the Dungeon.
You worshipped Hepliaklqana.
Hepliaklqana was most pleased with you.
You visited 2 branches of the dungeon, and saw 7 of its levels.

You collected 199 gold pieces.

Inventory:

Hand Weapons
 a - a +0 spear
 i - a +2 dagger of speed
 m - the +8 rapier "Imouxi" {flame, *Corrode +Rage rC+ Int+8}
   (You found it on level 4 of the Dungeon)

   It burns those it strikes, dealing additional fire damage.
   Int:       It affects your intelligence (+8).
   rC:        It protects you from cold.
   +Rage:     It lets you go berserk.
   *Corrode:  It may corrode you when you take damage.
Missiles
 f - 39 poisoned darts (quivered)
Armour
 c - a +1 pair of boots (worn)
Jewellery
 d - a +4 ring of slaying (left hand)
 j - an amulet of the acrobat (around neck)
Scrolls
 b - 3 scrolls of teleportation
 k - a scroll of enchant weapon
 l - a scroll of fog
Potions
 e - a potion of lignification
 g - 2 potions of might
 o - a potion of curing


   Skills:
 - Level 4.0 Fighting
 - Level 3.0 Dodging
 - Level 1.7 Stealth
 + Level 10.3 Unarmed Combat


You had 7 spell levels left.
You didn't know any spells.
Your spell library contained the following spells:

 Spells                   Type           Power      Damage    Failure   Level
 Gell's Gravitas          Tloc           0%         N/A       69%         3
 Lesser Beckoning         Tloc           0%         N/A       69%         3
 Portal Projectile        Hex/Tloc       0%         N/A       69%         3
 Teleport Other           Tloc           0%         N/A       69%         3
 Blade Hands              Tmut           0%         N/A       100%        5
 Excruciating Wounds      Necr           0%         N/A       100%        5


Dungeon Overview and Level Annotations

Branches:
Dungeon (6/15)             Temple (1/1) D:4

Altars:
Ashenzari
Cheibriados
Dithmenos
Elyvilon
Fedhas
Gozag
Hepliaklqana
Kikubaaqudgha
Makhleb
Nemelex Xobeh
Okawaru
Qazlal
Ru
Sif Muna
Trog
Vehumet
Wu Jian
Xom
Yredelemnul
Zin
The Shining One

Shops:
D:6 :

Annotations:
D:2 1 runed translucent door, Crazy Yiuf, Sigmund


Innate Abilities, Weirdness & Mutations

Your life essence is reduced to manifest your ancestor. (-10% HP)
You can breathe waves of freezing cold which knock back foes.
Your icy white scales are hard. (AC +6)
You cannot fit into any form of body armour.
Your flesh is cold resistant. (rC+)
You are cold-blooded and may be slowed by cold attacks.


Message History

No target in view!
No target in view!
You open the door.
There is an open door here.
You open the door.
A steam dragon, a sky beast and an ogre come into view.
Found 15 gold pieces.
Found a stone staircase leading down.
There are monsters nearby!
There are monsters nearby!
There are monsters nearby!
The steam dragon hisses angrily.
The ogre shouts!
There is an open door here.
The steam dragon misses you. x2
You hit the steam dragon.
The steam dragon is lightly wounded.
Xia hits the steam dragon with a +0 flail!
The steam dragon barely misses Xia.
The steam dragon claws Xia but does no damage.
The sky beast closely misses you.
You punch the steam dragon! You tail-slap the steam dragon.
The steam dragon is severely wounded.
Xia barely misses the steam dragon.
The steam dragon closely misses you. The steam dragon barely misses you.
The ogre hits you with a +0 giant club! The sky beast hits you.
The sky beast shocks you.
Unknown command.
You swap places.
Xia hits the steam dragon with a +0 flail!
The steam dragon dies!
There is an open door here.
Unknown command.
You barely miss the sky beast. You tail-slap the sky beast.
The sky beast is lightly wounded.
Xia closely misses the sky beast.
The sky beast hits you. The sky beast shocks you.
* * * LOW HITPOINT WARNING * * *
You barely miss the sky beast.
The sky beast is lightly wounded.
The ogre hits you with a +0 giant club!!
Ouch! That really hurt!
You die...

#.# ####
##.#########...
#..........#...
####..........#...
#..'..........'...
#.##..........#...
#.##.)........####
#.##..............
###@##..............
#.OYR#..........R...
#....##+#.......####
#..>.+ +.......'...
#....# #.......####
#....# #.......#
#.$..# #########
#....# #....#


You could see the friendly Xia the knight, a sky beast (ally target) and an
ogre.

Vanquished Creatures
  Grinder (D:5)
  Blork the orc (D:5)
  A wyvern zombie (D:6)
  A water moccasin zombie (D:6)
  A bullfrog zombie (D:6)
  A hound (D:5)
  A bullfrog skeleton (D:6)
  An iguana (D:4)
  2 orc wizards (D:3)
  A killer bee zombie (D:4)
  6 adders
  3 gnolls (D:3)
  A white imp (D:6)
  An ufetubus (D:6)
  A worm (D:3)
  A dart slug (D:2)
  7 orcs
  5 endoplasms
  A giant cockroach (D:3)
  6 goblins
  6 hobgoblins (D:1)
  8 kobolds
  2 quokkas (D:3)
  2 ball pythons
  7 bats
  3 frilled lizards
  15 rats
86 creatures vanquished.

Vanquished Creatures (collateral kills)
  A steam dragon (D:6)
  An ice beast (D:6)
  2 scorpions
  A water moccasin skeleton (D:6)
  A bullfrog zombie (D:6)
  A hound (D:4)
  A jelly (D:5)
  An iguana (D:5)
  2 orc wizards (D:5)
  Terence (D:2)
  3 gnolls (D:5)
  3 adders
  3 orcs (D:5)
21 creatures vanquished.

Grand Total: 107 creatures vanquished

Notes
Turn   | Place    | Note
-------+----------+-------------------------------------------
     0 | D:1      | pkoi the Draconian Monk began the quest for the Orb.
     0 | D:1      | Reached XP level 1. HP: 19/19 MP: 1/1
   413 | D:1      | Reached XP level 2. HP: 25/26 MP: 2/2
   928 | D:1      | Reached skill level 4 in Unarmed Combat
  1497 | D:2      | Found a runed translucent door.
  1497 | D:2      | Noticed Sigmund
  1498 | D:2      | Noticed Crazy Yiuf
  1640 | D:2      | Reached XP level 3. HP: 31/31 MP: 3/3
  2159 | D:2      | Noticed Terence
  3173 | D:3      | Reached skill level 5 in Unarmed Combat
  3173 | D:3      | Reached XP level 4. HP: 38/38 MP: 4/4
  3544 | D:3      | Reached XP level 5. HP: 18/45 MP: 5/5
  4365 | D:4      | Found a staircase to the Ecumenical Temple.
  4370 | Temple   | Entered the Ecumenical Temple
  4647 | Temple   | Became a worshipper of Hepliaklqana the Forgotten
  4647 | Temple   | Reached * piety under Hepliaklqana
  4647 | Temple   | Reached ** piety under Hepliaklqana
  4648 | Temple   | Remembered your ancestor Xia as a knight
  4720 | D:4      | Reached skill level 6 in Unarmed Combat
  4802 | D:4      | Identified the +8 rapier "Imouxi" {flame, *Corrode +Rage
                  | rC+ Int+8}
  5399 | D:5      | Entered Level 5 of the Dungeon
  5412 | D:5      | Reached XP level 6. HP: 40/46 MP: 6/6
  5561 | D:5      | Reached skill level 7 in Unarmed Combat
  5603 | D:5      | Noticed Grinder
  5621 | D:5      | Killed Grinder
  5622 | D:5      | Reached skill level 8 in Unarmed Combat
  5622 | D:5      | Your scales start taking on an icy white colour.
  5622 | D:5      | Reached XP level 7. HP: 21/53 MP: 7/7
  5622 | D:5      | Gained mutation: Your flesh is cold resistant. (rC+) [White
                  | Draconian growth]
  5960 | D:5      | Noticed Blork the orc
  5970 | D:5      | Killed Blork the orc
  6725 | D:2      | Killed Terence
  7070 | D:6      | Found Rahighiete's Book Emporium.
  7077 | D:6      | Reached skill level 9 in Unarmed Combat
  7472 | D:6      | Reached *** piety under Hepliaklqana
  7545 | D:6      | Reached XP level 8. HP: 52/59 MP: 8/8
  7752 | D:6      | Reached skill level 10 in Unarmed Combat
  7788 | D:6      | Slain by an ogre

Illustrated notes

Levels and vault maps discovered:
D:1:      dpeg_arrival_water_temple_mockup, layout_loops_cross,
          patterned_corridor
D:2:      layout_loops_corners, serial_glass, glass_columns_b, glass_columns_c,
          glass_columns_a, glass_columns_a, glass_columns_b, glass_columns_a,
          glass_columns_a, glass_columns_b, minmay_misc_feat_chi,
          minmay_rat_gold_closets, uniq_crazy_yiuf_cottage, uniq_terence,
          uniq_sigmund
D:3:      layout_basic
D:4:      layout_loops_ring, temple_doors_e, serial_bayou_lake_a
D:5:      layout_rooms, minmay_misc_feat_plants, uniq_grinder,
          uniq_blork_the_orc
D:6:      layout_basic, serial_shops, shop
Temple:   regret_index_temple_sigil_plot

Skill      XL: |  1  2  3  4  5  6  7  8 |
---------------+-------------------------+-----
Unarmed Combat | 4 5 6 8 9 10 | 10.3
Dodging        | 3 |  3.0
Fighting       | 4 |  4.0
Stealth        | |  1.7

Action                   |  1- 3 |  4- 6 |  7- 9 || total
-------------------------+-------+-------+-------++-------
Melee: Unarmed           |   179 |   111 |    68 ||   358
       Tailslap          |    13 |    11 |    13 ||    37
       Punch             |     2 |     3 |     2 ||     7
       Rapier            |       |     5 |       ||     5
Invok: Ancestor Life: Kn |       |     1 |       ||     1
       Ancestor Identity |       |     1 |       ||     1
 Abil: Breathe Frost     |       |       |     1 ||     1
  Use: Scroll            |     7 |     4 |     4 ||    15
       Potion            |     2 |     3 |       ||     5
 Stab: Sleeping          |     8 |     1 |     3 ||    12
       Distracted        |       |       |     1 ||     1
Armor: Skin              |    54 |    57 |    14 ||   125
Dodge: Dodged            |    98 |    56 |    53 ||   207
